 Dungeon Crawl Stone Soup version 0.31.0-9-g3a7656b989 (webtiles) character file.

Game seed: 14824259537406755294

42 qw the Shooter (level 3, 0/20 HPs)
             Began as a Deep Elf Hunter on Feb 2, 2024.
             Succumbed to their own poison gas
             ... on level 2 of the Dungeon.
             The game lasted 00:00:04 (988 turns).

qw the Shooter (Deep Elf Hunter)                     Turns: 988, Time: 00:00:05

Health: 0/20       AC:  4    Str: 14    XL:     3   Next: 35%
Magic:  5/5        EV: 12    Int: 12    God:
Gold:   79         SH:  5    Dex: 17    Spells: 2/2 levels left

rFire   . . .        a - +0 shortbow
rCold   . . .        (shield currently unavailable)
rNeg    . . .        c - +0 leather armour
rPois   .            (no helmet)
rElec   .            (no cloak)
rCorr   .            (no gloves)
SInv    .            g - +0 pair of boots
Will    .....        f - amulet of reflection
Stlth   ++           (no ring)
HPRegen 0.23/turn    (no ring)
MPRegen 0.09/turn

%: reflection
@: lethally poisoned (0 -> -2)
A: strong 1
a: no special abilities


You were on level 2 of the Dungeon.
You visited 1 branch of the dungeon, and saw 2 of its levels.

You collected 79 gold pieces.


Innate Abilities, Weirdness & Mutations

Your muscles are strong. (Str +4, Int/Dex -1)


   Skills:
 - Level 1.5 Fighting
 + Level 6.9 Ranged Weapons
 - Level 2.4 Dodging
 - Level 1.2 Stealth


You had 2 spell levels left.
You didn't know any spells.
Your spell library was empty.

Inventory:

Hand Weapons
 a - a +0 shortbow (weapon)
Armour
 c - a +0 leather armour (worn)
 g - a +0 pair of boots (worn)
Jewellery
 f - an amulet of reflection (around neck)
Wands
 h - a wand of digging (8)
Potions
 b - 2 potions of might
 e - a potion of mutation

Dungeon Overview and Level Annotations

Branches:
Dungeon (2/15)

Altars:


Message History

Done exploring.
978 ||| READING 3 scrolls labelled PEINLY EQAON.
As you read the scroll labelled PEINLY EQAON, it crumbles to dust.
You hear a loud clanging noise!
It was a scroll of noise.
Done exploring.
979 ||| DRINKING 2 bubbling silvery potions.
It was a potion of mutation.
You feel extremely strange.
You feel stronger.
Done exploring.
980 ||| DROPPING 2 scrolls of noise.
You drop 2 scrolls of noise.
Done exploring.
What level of the Dungeon? (default 2, ? - help) Sorry, I don't know how to get there.
Enter note:
Enter note:
Enter note:
Enter note:
Enter note:
Enter note:
Enter note:
Enter note:
Enter note: You are engulfed in poison gas.
You are poisoned.
You feel very sick.
982 ||| Stepping ~*~*~tactically~*~*~ (cloud).
You feel very sick.
You see here 2 scrolls of noise.
There is a lethal amount of poison in your body!
You feel sick.
There is a lethal amount of poison in your body!
You feel sick.
There is a lethal amount of poison in your body!
You feel sick.
There is a lethal amount of poison in your body!
You feel sick.
There is a lethal amount of poison in your body!
You feel sick.
There is a lethal amount of poison in your body!
You die...

######### ####.......##
######....#####..# #...%..####
##.# ## #.###### ######.# ##.
#.....# #¤.0@#.## ####..
#####.### ####0000########....# #
#...#######.00¤¤¤..........
#########........0¤0######.######
............######0.#####.....##
###...#####....####.0..........##
.........#####.....¤00........).#
.....###....##..###.###.........#
................###..##.........#


There were no monsters in sight!

Vanquished Creatures
  2 ribbon worms (D:2)
  A dart slug (D:1)
  5 ball pythons
  5 endoplasms
  2 giant cockroaches (D:2)
  2 hobgoblins
  2 kobolds
  4 bats
  A frilled lizard (D:1)
  5 goblins
  2 rats (D:1)
31 creatures vanquished.

Notes
Turn   | Place    | Note
-------+----------+-------------------------------------------
     0 | D:1      | qw the Deep Elf Hunter began the quest for the Orb.
     0 | D:1      | Reached XP level 1. HP: 12/12 MP: 3/3
     0 | D:1      | 0 ||| qw: Version: 0.3-a-155-g5e7d8dd
     0 | D:1      | 0 ||| qw: Game counter: 2473
     0 | D:1      | 0 ||| qw: Melee chars always use a shield: true
     0 | D:1      | 0 ||| qw: God list: Okawaru
     0 | D:1      | 0 ||| qw: Allow faded altars: false
     0 | D:1      | 0 ||| qw: Do Orc after clearing Dungeon:15 true
     0 | D:1      | 0 ||| qw: Do second Lair branch before Depths: true
     0 | D:1      | 0 ||| qw: Lair rune preference: random
     0 | D:1      | 0 ||| qw: Goals: Normal
     0 | D:1      | 0 ||| PLANNING D:1-11
   118 | D:1      | Reached XP level 2. HP: 16/16 MP: 4/4
   135 | D:1      | Reached skill level 6 in Ranged Weapons
   373 | D:1      | 373 ||| UPGRADING to amulet of reflection.
   378 | D:1      | 378 ||| READING 4 scrolls labelled HISURE KIECSOI.
   378 | D:1      | 378 ||| IDENTIFYING fizzy blue potion
   379 | D:1      | 379 ||| READING 3 scrolls of identify.
   379 | D:1      | 379 ||| IDENTIFYING scroll labelled ZYEDDOCRASS
   380 | D:1      | 380 ||| READING 2 scrolls of identify.
   380 | D:1      | 380 ||| IDENTIFYING scroll labelled JOERIGH TUZXOI
   381 | D:1      | 381 ||| READING scroll of identify.
   381 | D:1      | 381 ||| IDENTIFYING scroll labelled TOSKOZE PIHUCSAB
   382 | D:1      | 382 ||| READING scroll labelled TAT JUTIMA.
   383 | D:1      | 383 ||| DROPPING scroll of butterflies.
   384 | D:1      | 384 ||| DROPPING potion of lignification.
   385 | D:1      | 385 ||| DROPPING scroll of immolation.
   386 | D:1      | 386 ||| DROPPING scroll of amnesia.
   435 | D:2      | Reached XP level 3. HP: 20/20 MP: 5/5
   456 | D:2      | HP: 2/20 [ribbon worm (6)]
   457 | D:2      | 457 ||| READING scroll of teleportation.
   556 | D:2      | HP: 4/20 [ribbon worm (7)]
   971 | D:2      | 971 ||| UPGRADING to +0 pair of boots.
   976 | D:2      | 976 ||| READING scroll of identify.
   976 | D:2      | 976 ||| IDENTIFYING 2 viscous ruby potions
   977 | D:2      | 977 ||| READING scroll labelled ICRAAD NEOFU.
   978 | D:2      | 978 ||| READING 3 scrolls labelled PEINLY EQAON.
   979 | D:2      | 979 ||| DRINKING 2 bubbling silvery potions.
   979 | D:2      | Gained mutation: Your muscles are strong. (Str +4, Int/Dex
                  | -1) [potion of mutation]
   980 | D:2      | 980 ||| DROPPING 2 scrolls of noise.
   982 | D:2      | 982 ||| Stepping ~*~*~tactically~*~*~ (cloud).
   983 | D:2      | HP: 5/20 [poisoned by you (poison gas)]
   985 | D:2      | HP: 2/20 [poisoned by you (poison gas)]
   988 | D:2      | Succumbed to their own poison gas

Levels and vault maps discovered:
D:1:      evilmike_arrival_home_sweet_home, layout_rooms
D:2:      layout_rooms, serial_bayou_crossing

Skill      XL: |  1  2 |
---------------+-------+-----
Ranged Weapons | 6 |  6.9
Fighting       | |  1.5
Dodging        | |  2.4
Stealth        | |  1.2

Action                     || total
---------------------------++-------
   Fire: Shortbow          ||    92
    Use: Scroll            ||     9
         Potion            ||     1
 Armour: Leather armour    ||     7
  Dodge: Dodged            ||    11

Table legend:
 A = Non-vault XP
 B = Vault XP
 C = Vault XP percentage of total XP
 D = Non-vault monster count
 E = Vault monster count
 F = Vault count percentage of total count
                 A         B        C        D         E       F
            +---------+---------+-------+---------+---------+-------
      Total |      61 |       0 |   0.0 |      31 |       0 |   0.0
            +---------+---------+-------+---------+---------+-------
        D:1 |      30 |       0 |   0.0 |      17 |       0 |   0.0
        D:2 |      31 |       0 |   0.0 |      14 |       0 |   0.0
            +---------+---------+-------+---------+---------+-------
